 Dungeon Crawl Stone Soup version 0.27-a0-216-g1fbed8a51c (webtiles) character file.

Game seed: 7203858071813024386

13433 iamserjio the Fighter (level 12, 53/96 HPs)
             Began as a Gnoll Abyssal Knight on Jan 31, 2021.
             Was an Elder of Lugonu.
             Quit the game on level 2 of the Orcish Mines.
             The game lasted 00:40:42 (5015 turns).

iamserjio the Fighter (Gnoll Abyssal Knight)        Turns: 5015, Time: 00:40:42

Health: 53/96      AC: 15    Str: 12      XL:     12   Next: 6%
Magic:  30/31      EV: 12    Int: 13 (15) God:    Lugonu [****..]
Gold:   727        SH: 10    Dex: 13      Spells: 21/24 levels left

rFire    . . .     SeeInvis .   K - +3 trident (curse)
rCold    . . .     Faith    .   t - +0 kite shield "Vusemn" {rElec} (curse)
rNeg     . . .     Spirit   .   j - +0 ring mail
rPois    .         Reflect  .   N - +1 hat
rElec    +         Harm     .   M - +2 cloak
rCorr    .         Rampage  .   l - +1 pair of gloves
Will     .....                  q - +0 pair of boots
Stlth    +++.......             g - amulet of regeneration
HPRegen  0.66/turn              h - ring of wizardry
MPRegen  0.22/turn              s - ring of magical power

@: no status effects
A: distributed training, fangs 1, strong nose
a: Renounce Religion, Depart the Abyss, Bend Space, Banish, Corrupt


You were on level 2 of the Orcish Mines.
You worshipped Lugonu.
Lugonu was greatly pleased with you.
You visited 2 branches of the dungeon, and saw 15 of its levels.
You visited the Abyss 1 time.
You also visited: Sewer.

You collected 1267 gold pieces.
You spent 540 gold pieces at shops.

Inventory:

Hand Weapons
 K - a cursed +3 trident (weapon)
 U - a +0 hand axe of flaming
Missiles
 a - 6 datura-tipped darts
 c - 7 curare-tipped darts (quivered)
 o - 89 arrows
 D - 15 boomerangs
 H - 2 boomerangs of dispersal
 O - 2 throwing nets {!f}
 R - 4 atropa-tipped darts
Armour
 f - a +0 buckler
 j - a +0 ring mail (worn)
 l - a +1 pair of gloves (worn)
 q - a +0 pair of boots (worn)
 t - the cursed +0 kite shield "Vusemn" (worn) {rElec}
   (You found it on level 10 of the Dungeon)

   It insulates you from electricity.
   It has a curse placed upon it.
 M - a +2 cloak (worn)
 N - a +1 hat (worn)
 V - a +7 plate armour of ponderousness
 Y - a +0 troll leather armour
Jewellery
 g - an amulet of regeneration (around neck)
 h - a ring of wizardry (left hand)
 s - a ring of magical power (right hand)
 z - an uncursed ring of flight
 B - an uncursed ring of magical power
 C - an uncursed ring of willpower
Wands
 i - a wand of polymorph (4)
 J - a wand of random effects (25)
 L - a wand of flame (1)
Scrolls
 d - a scroll of blinking {unknown}
 k - a scroll of torment {unknown}
 p - a scroll of fear
 r - 3 scrolls of teleportation {@r3}
 v - a scroll of remove curse {@r2}
 W - a scroll of fog
 X - a scroll of magic mapping {@r5}
Potions
 b - a potion of cancellation {unknown}
 e - a potion of ambrosia {unknown}
 m - 6 potions of curing {@q1}
 n - 2 potions of resistance {@q5}
 u - 2 potions of brilliance
 w - 2 potions of lignification
 T - a potion of flight
 Z - a potion of degeneration {unknown}


   Skills:
 + Level 9.5 Fighting
 + Level 6.9 Short Blades
 + Level 8.3 Long Blades
 + Level 6.9 Axes
 + Level 6.9 Maces & Flails
 + Level 6.9 Polearms
 + Level 6.9 Staves
 + Level 6.9 Slings
 + Level 6.9 Bows
 + Level 6.9 Crossbows
 + Level 6.9 Throwing
 + Level 8.3 Armour
 + Level 7.4 Dodging
 + Level 6.9 Stealth
 + Level 6.9 Shields
 + Level 6.9 Unarmed Combat
 + Level 6.9 Spellcasting
 + Level 5.7 Conjurations
 + Level 5.7 Hexes
 + Level 5.7 Summonings
 + Level 5.7 Necromancy
 + Level 5.7 Translocations
 + Level 5.7 Transmutations
 + Level 5.7 Fire Magic
 + Level 5.7 Ice Magic
 + Level 5.7 Air Magic
 + Level 5.7 Earth Magic
 + Level 5.7 Poison Magic
 + Level 8.9 Invocations
 + Level 6.9 Evocations


You had 21 spell levels left.
You knew the following spells:

 Your Spells              Type           Power        Failure   Level
a - Dazzling Flash        Conj/Hex       38%          10%         3

Your spell library contained the following spells:

 Spells                   Type           Power        Failure   Level
 Magic Dart               Conj           76%          3%          1
 Searing Ray              Conj           38%          4%          2
 Fulminant Prism          Conj/Hex       9%           32%         4
 Iskenderun's Mystic Bla  Conj/Tloc      19%          32%         4


Dungeon Overview and Level Annotations

Branches:
Dungeon (13/15)              Lair (0/6) D:11            Orc (2/2) D:10
    Elf (0/3) Orc:2         Sewer (visited)
 Temple: D:4-7       Vaults: D:13-14

Altars:
Sif Muna
Xom

Shops:
D:7 }

Annotations:
D:12 exclusion: obsidian statue
D:13 1 runed translucent door, Odowaim's ghost, journeyman KoGl
Orc:2 corrupted


Innate Abilities, Weirdness & Mutations

Your experience applies equally to all skills.
You have very sharp teeth.
Your uncanny sense of smell can sniff out nearby items.


Message History

The orc hits you but does no damage.
The orc knight shouts!
You hit the orc priest.
You hear a shout!
The orc knight roars a battlecry!
The orcs go into a battle-frenzy!
The orc barely misses you.
An orc comes into view.
You block the ogre's attack.
The orc priest hits you with a +0 war axe!
The orc warrior hits you with a +0 hand axe!
The orc hits you with a +0 dagger. The ogre hits you with a +0 giant club!
You hit the orc priest. The orc hits you with a +0 morningstar.
You block the ogre's attack. The orc hits you but does no damage.
You puncture the orc priest!
You kill the orc priest!
You block the orc's attack. The orc hits you but does no damage.
The orc knight roars a battlecry!
You hear a shout! x2

#........o.....
#...............
#...............
#......oo.......
#...............
#.......o.......
#####...o$........
##.......[oOo......
##.........o@)......
##.#.................
.....................
#....................
##..................
#..................
#..................
####..................
##.#.......#..)........


You could see an orc knight, 2 orc warriors, an ogre and 4 orcs.

Vanquished Creatures
  Sonja (D:11)
  An unseen horror (D:12)
  Pikel (D:6)
  An ugly thing (D:12)
  A centaur zombie (D:11)
  2 gargoyles (D:10)
  A troll (D:10)
  A shadow (D:11)
  A vampire (D:11)
  2 wyverns
  7 yaks
  A wraith (D:11)
  2 vampire mosquitoes (D:9)
  A steam dragon (D:4)
  A soldier ant (D:10)
  Menkaure (D:6)
  A water moccasin (D:10)
  A hornet zombie (D:7)
  Purgy (Sewer)
  5 ice beasts
  2 sky beasts
  5 orc warriors
  2 centaurs
  A necrophage (D:10)
  6 ogres
  6 bullfrogs
  A big kobold (D:10)
  4 scorpions
  3 killer bees (D:6)
  3 howler monkeys
  16 wights
  3 bullfrog zombies (D:7)
  A centaur skeleton (D:5)
  A hound (D:10)
  2 jellies
  7 orc priests
  2 iguanas
  12 orc wizards
  2 worker ants (D:5)
  A killer bee zombie (D:6)
  13 adders
  A howler monkey skeleton (D:9)
  9 gnolls
  A white imp (D:10)
  An ufetubus (D:10)
  2 oozes (D:3)
  2 dart slugs (D:1)
  5 leopard geckos
  63 orcs
  6 giant cockroaches
  5 goblins
  2 hobgoblins
  11 jackals
  4 quokkas
  2 ball pythons
  11 bats
  A frilled lizard (D:1)
  4 kobolds
  A leopard gecko zombie (D:4)
  2 quokka skeletons (D:8)
  A quokka zombie (D:8)
  7 rats
267 creatures vanquished.

Vanquished Creatures (others)
  An orc high priest (Orc:2)
  An orc knight (Orc:2)
  An orc sorcerer (Orc:2)
  A warg (Orc:2)
  3 orc warriors
  3 orc priests (Orc:2)
  2 orc wizards (D:10)
  A worm (Orc:2)
  5 orcs (Orc:2)
  A fungus (D:6)
  A starspawn tentacle (Orc:2)
20 creatures vanquished.

Grand Total: 287 creatures vanquished

Notes
Turn   | Place    | Note
-------+----------+-------------------------------------------
     0 | Abyss:1  | iamserjio the Gnoll Abyssal Knight began the quest for the
                  | Orb.
     0 | Abyss:1  | Reached XP level 1. HP: 23/23 MP: 3/3
    52 | D:1      | Escaped the Abyss
   149 | D:1      | Reached XP level 2. HP: 25/29 MP: 5/5
   352 | D:2      | Reached XP level 3. HP: 23/35 MP: 6/6
   452 | D:3      | Reached ** piety under Lugonu
   484 | D:3      | Reached skill level 1 in Short Blades
   484 | D:3      | Reached skill level 1 in Axes
   484 | D:3      | Reached skill level 1 in Maces & Flails
   484 | D:3      | Reached skill level 1 in Polearms
   484 | D:3      | Reached skill level 1 in Staves
   484 | D:3      | Reached skill level 1 in Slings
   484 | D:3      | Reached skill level 1 in Bows
   484 | D:3      | Reached skill level 1 in Crossbows
   484 | D:3      | Reached skill level 1 in Throwing
   484 | D:3      | Reached skill level 1 in Stealth
   484 | D:3      | Reached skill level 1 in Shields
   484 | D:3      | Reached skill level 1 in Unarmed Combat
   484 | D:3      | Reached skill level 1 in Spellcasting
   484 | D:3      | Reached skill level 1 in Evocations
   499 | D:3      | Reached XP level 4. HP: 41/41 MP: 7/7
   536 | D:1      | Reached skill level 1 in Conjurations
   536 | D:1      | Reached skill level 1 in Hexes
   536 | D:1      | Reached skill level 1 in Summonings
   536 | D:1      | Reached skill level 1 in Necromancy
   536 | D:1      | Reached skill level 1 in Translocations
   536 | D:1      | Reached skill level 1 in Transmutations
   536 | D:1      | Reached skill level 1 in Fire Magic
   536 | D:1      | Reached skill level 1 in Ice Magic
   536 | D:1      | Reached skill level 1 in Air Magic
   536 | D:1      | Reached skill level 1 in Earth Magic
   536 | D:1      | Reached skill level 1 in Poison Magic
   682 | D:3      | Noticed a centaur
   694 | D:3      | Killed a centaur
   695 | D:3      | Reached XP level 5. HP: 47/47 MP: 8/8
   791 | D:5      | Entered Level 5 of the Dungeon
   886 | D:4      | Noticed a steam dragon
   907 | D:4      | Killed a steam dragon
   908 | D:4      | Reached skill level 5 in Long Blades
   908 | D:4      | Reached skill level 5 in Armour
   908 | D:4      | Reached skill level 5 in Invocations
   908 | D:4      | Reached XP level 6. HP: 12/53 MP: 9/9
  1086 | D:5      | Reached XP level 7. HP: 35/59 MP: 10/10
  1108 | D:5      | Reached skill level 7 in Fighting
  1245 | D:5      | Found a shimmering blue altar of Sif Muna.
  1282 | D:6      | Reached *** piety under Lugonu
  1395 | D:6      | Found a glowing drain.
  1412 | Sewer    | Entered a sewer
  1430 | Sewer    | Noticed Purgy
  1456 | Sewer    | Killed Purgy
  1469 | Sewer    | Got a bloodstained helmet
  1510 | Sewer    | Identified the cursed +0 helmet "Pieliss" {+Fly rC- Int+5
                  | Dex-5} (You found it in a sewer)
  1665 | D:6      | Noticed Pikel
  1690 | D:6      | Killed Pikel
  1691 | D:6      | Reached XP level 8. HP: 28/67 MP: 11/13
  1747 | D:6      | Noticed Menkaure
  1758 | D:6      | HP: 3/67 [shot self (13)]
  1759 | D:6      | Killed Menkaure
  2035 | D:7      | Reached XP level 9. HP: 71/72 MP: 14/14
  2394 | D:7      | Reached **** piety under Lugonu
  2395 | D:7      | Reached skill level 5 in Dodging
  2545 | D:7      | Found Imef Itiu's Gadget Shop.
  2553 | D:7      | Bought a wand of paralysis (8) for 150 gold pieces
  2553 | D:7      | Bought a wand of mindburst (13) for 255 gold pieces
  2553 | D:7      | Bought a wand of flame (16) for 135 gold pieces
  2666 | D:9      | Reached skill level 8 in Fighting
  2726 | D:10     | Entered Level 10 of the Dungeon
  2822 | D:10     | Noticed a gargoyle
  2825 | D:10     | Killed a gargoyle
  2826 | D:10     | Reached XP level 10. HP: 80/80 MP: 17/17
  2926 | D:10     | Noticed a two-headed ogre
  2927 | D:10     | Banished a two-headed ogre
  2928 | D:10     | Reached skill level 5 in Short Blades
  2928 | D:10     | Reached skill level 5 in Axes
  2928 | D:10     | Reached skill level 5 in Maces & Flails
  2928 | D:10     | Reached skill level 5 in Polearms
  2928 | D:10     | Reached skill level 5 in Staves
  2928 | D:10     | Reached skill level 5 in Slings
  2928 | D:10     | Reached skill level 5 in Bows
  2928 | D:10     | Reached skill level 5 in Crossbows
  2928 | D:10     | Reached skill level 5 in Throwing
  2928 | D:10     | Reached skill level 5 in Stealth
  2928 | D:10     | Reached skill level 5 in Shields
  2928 | D:10     | Reached skill level 5 in Unarmed Combat
  2928 | D:10     | Reached skill level 5 in Spellcasting
  2928 | D:10     | Reached skill level 5 in Evocations
  2959 | D:10     | Noticed a gargoyle
  2990 | D:10     | Killed a gargoyle
  3020 | D:10     | Got an ichor-stained kite shield
  3045 | D:10     | Identified the cursed +0 kite shield "Vusemn" {rElec} (You
                  | found it on level 10 of the Dungeon)
  3160 | D:10     | Found a staircase to the Orcish Mines.
  3371 | D:11     | Noticed a two-headed ogre
  3373 | D:11     | Banished a two-headed ogre
  3403 | D:11     | Noticed Sonja
  3405 | D:11     | Killed Sonja
  3406 | D:11     | Reached XP level 11. HP: 63/87 MP: 19/19
  3424 | D:11     | Reached skill level 9 in Fighting
  3555 | D:11     | Noticed a deep elf pyromancer
  3558 | D:11     | Banished a deep elf pyromancer
  3559 | D:11     | Reached skill level 5 in Conjurations
  3559 | D:11     | Reached skill level 5 in Hexes
  3559 | D:11     | Reached skill level 5 in Summonings
  3559 | D:11     | Reached skill level 5 in Necromancy
  3559 | D:11     | Reached skill level 5 in Translocations
  3559 | D:11     | Reached skill level 5 in Transmutations
  3559 | D:11     | Reached skill level 5 in Fire Magic
  3559 | D:11     | Reached skill level 5 in Ice Magic
  3559 | D:11     | Reached skill level 5 in Air Magic
  3559 | D:11     | Reached skill level 5 in Earth Magic
  3559 | D:11     | Reached skill level 5 in Poison Magic
  3915 | D:11     | Found a staircase to the Lair.
  3981 | D:12     | Noticed a white ugly thing
  3996 | D:12     | Killed a white ugly thing
  4012 | D:12     | Noticed a rakshasa
  4083 | D:13     | Noticed a seven-headed hydra
  4087 | D:13     | Banished a seven-headed hydra
  4099 | D:12     | Noticed an obsidian statue
  4103 | D:12     | Noticed a soul eater
  4153 | D:13     | Found a runed translucent door.
  4154 | D:13     | Found a shimmering altar of Xom.
  4154 | D:13     | Noticed Odowaim's ghost (journeyman KoGl)
  4154 | D:13     | Noticed a white ugly thing
  4155 | D:13     | Noticed a +2 flail of chaos
  4159 | D:13     | Banished a white ugly thing
  4262 | D:12     | Killed an unseen horror
  4429 | D:11     | Learned a level 3 spell: Dazzling Flash
  4617 | D:10     | Reached XP level 12. HP: 37/96 MP: 22/22
  4679 | Orc:1    | Entered Level 1 of the Orcish Mines
  4797 | Orc:2    | Entered Level 2 of the Orcish Mines
  4814 | Orc:2    | Found a staircase to the Elven Halls.
  4850 | Orc:2    | Noticed an orc high priest
  4853 | Orc:2    | Corrupted Orc:2
  4853 | Orc:2    | Noticed a tentacled starspawn
  4853 | Orc:2    | Noticed a starcursed mass
  4853 | Orc:2    | Noticed a bone dragon
  4853 | Orc:2    | Noticed a starcursed mass
  4854 | Orc:2    | Noticed a balrug
  4858 | Orc:2    | Noticed a thrashing horror
  4858 | Orc:2    | Killed an orc high priest
  4861 | Orc:2    | Noticed a sun demon
  4926 | Orc:2    | Noticed a tentacled starspawn
  5015 | Orc:2    | Quit the game

Illustrated notes

Levels and vault maps discovered:
D:1:      elethiomel_arrival_maze, layout_basic, st_stairs_5, minmay_hexomino_f4
D:2:      layout_rooms
D:3:      layout_loops_ring
D:4:      layout_gridville, uniq_sigmund
D:5:      layout_gridville, kennysheep_mini_moat
D:6:      layout_basic, portal_sewer_entry_f, uniq_prince_ribbit1, uniq_pikel,
          uniq_eustachio, uniq_menkaure, uniq_crazy_yiuf_cottage
D:7:      minmay_polygon_palace, layout_rooms, minmay_temple_entry_purple_smoke,
          serial_shops, nicolae_shop_crystal
D:8:      layout_basic
D:9:      layout_gridville
D:10:     layout_long_grid, hiddenorc2_lemuel, grunt_potential
D:11:     layout_basic, lair_entry_dummy, minmay_misc_feat_ornament,
          uniq_nergalle, uniq_sonja
D:12:     layout_basic, minivault_20, minivault_16, minmay_quadrilaterals
D:13:     layout_cave_pools, david_vaults_4, serial_shops, shop,
          ebering_ghost_xom, uniq_frances
Orc:1:    layout_caves, led_sif_book
Orc:2:    st_orc_pillars, layout_caves, library_closet

Skill      XL: |  1  2  3  4  5  6  7  8  9 10 11 |
---------------+----------------------------------+-----
Short Blades   | 1 2 3 4 5 6 |  6.9
Axes           | 1 2 3 4 5 6 |  6.9
Maces & Flails | 1 2 3 4 5 6 |  6.9
Polearms       | 1 2 3 4 5 6 |  6.9
Staves         | 1 2 3 4 5 6 |  6.9
Slings         | 1 2 3 4 5 6 |  6.9
Bows           | 1 2 3 4 5 6 |  6.9
Crossbows      | 1 2 3 4 5 6 |  6.9
Throwing       | 1 2 3 4 5 6 |  6.9
Stealth        | 1 2 3 4 5 6 |  6.9
Shields        | 1 2 3 4 5 6 |  6.9
Unarmed Combat | 1 2 3 4 5 6 |  6.9
Spellcasting   | 1 2 3 4 5 6 |  6.9
Evocations     | 1 2 3 4 5 6 |  6.9
Conjurations   | 1 2 3 4 5 |  5.7
Hexes          | 1 2 3 4 5 |  5.7
Summonings     | 1 2 3 4 5 |  5.7
Necromancy     | 1 2 3 4 5 |  5.7
Translocations | 1 2 3 4 5 |  5.7
Transmutations | 1 2 3 4 5 |  5.7
Fire Magic     | 1 2 3 4 5 |  5.7
Ice Magic      | 1 2 3 4 5 |  5.7
Air Magic      | 1 2 3 4 5 |  5.7
Earth Magic    | 1 2 3 4 5 |  5.7
Poison Magic   | 1 2 3 4 5 |  5.7
Dodging        | 3 4 5 6 7 |  7.4
Long Blades    | 5 6 7 8 |  8.3
Armour         | 5 6 7 8 |  8.3
Invocations    | 5 6 7 8 |  8.9
Fighting       | 7 8 9 |  9.5

Action                   |  1- 3 |  4- 6 |  7- 9 | 10-12 || total
-------------------------+-------+-------+-------+-------++-------
Melee: Falchion          |    83 |   103 |   144 |       ||   330
       Bite              |     9 |    12 |    30 |    63 ||   114
       Dagger            |       |     5 |       |       ||     5
       Short sword       |       |       |   236 |    17 ||   253
       Trident           |       |       |       |   740 ||   740
 Fire: Fustibalus        |       |     1 |    10 |       ||    11
Throw: Throwing net      |       |       |     2 |       ||     2
       Boomerang         |       |       |       |    12 ||    12
       Dart              |       |       |       |     7 ||     7
 Cast: Dazzling Flash    |       |       |       |     1 ||     1
Invok: Banish            |       |       |       |    13 ||    13
       Bend Space        |       |       |       |     2 ||     2
       Corrupt           |       |       |       |     1 ||     1
Evoke: Wand              |     1 |     4 |    48 |    38 ||    91
  Use: Potion            |       |     2 |     2 |     4 ||     8
       Scroll            |       |       |    12 |     8 ||    20
 Stab: Paralysed         |     7 |     5 |     3 |    33 ||    48
       Invisible         |       |       |     5 |       ||     5
       Held in net/web   |       |       |     1 |       ||     1
       Distracted        |       |       |       |     1 ||     1
       Sleeping          |       |       |       |     2 ||     2
Armor: Leather armour    |     5 |       |       |       ||     5
       Ring mail         |    20 |    48 |   180 |   252 ||   500
Dodge: Dodged            |    46 |    86 |   238 |   292 ||   662
Block: Buckler           |     2 |    14 |    85 |    10 ||   111
       Kite shield       |       |       |       |   296 ||   296
       Rpst.: Falchion   |    18 |    31 |    27 |       ||    76

Table legend: (Time is in decaauts)
 A = Elapsed time spent in this place.
 B = Non-inter-level travel time spent in this place.
 C = Inter-level travel time spent in this place.
 D = Time resting spent in this place.
 E = Time spent auto-exploring this place.
 F = Levels seen in this place.
 G = Mean time per level.
                   A        B        C        D        E       F      G
               +--------+--------+--------+--------+--------+-----+--------+
         Total |   5176 |   4690 |    486 |      0 |      0 |  17 |  304.5 |
       Dungeon |   4679 |   4195 |    484 |      0 |      0 |  13 |  359.9 |
  Orcish Mines |    345 |    343 |      2 |      0 |      0 |   2 |  172.5 |
         Abyss |     52 |     52 |      0 |      0 |      0 |   1 |   52.0 |
         Sewer |     99 |     99 |      0 |      0 |      0 |   1 |   99.0 |
               +--------+--------+--------+--------+--------+-----+--------+

Top non-repeatable levels by time:
    D:10: 782 daAuts
    D:11: 565 daAuts
    D:12: 539 daAuts
     D:7: 507 daAuts
     D:5: 422 daAuts
     D:6: 323 daAuts
     D:8: 318 daAuts
     D:3: 287 daAuts
     D:1: 242 daAuts
   Orc:2: 222 daAuts
     D:4: 216 daAuts
     D:2: 196 daAuts
     D:9: 176 daAuts
   Orc:1: 122 daAuts
    D:13: 101 daAuts
